Cogmind - Beta 9.4 @@@ ROGUE MODE // 2020.04.10 @ 17:32:09 Player: Dhoby_Ghaut Result: Self-destructed Performance ------------- Evolutions (1) 500 Regions Visited (2) 400 Robots Destroyed (40) 200 Value Destroyed (1155) 1155 Prototype IDs (0) 0 Alien Tech Used (0) 0 Bonus (0) 0 TOTAL SCORE: 2255 Bonus ------- None Cogmind --------- Core Integrity 152/400 Matter 181/300 Energy 265/265 System Corruption 0% Temperature Cool (12) Movement Walking (180) Ox2 Location -9/Materials Parts ------- > --- POWER (1) -------- Improved Ion Engine > --- PROPULSION (3) --- Aluminum Leg Aluminum Leg > --- UTILITY (3) ------ Small Storage Unit Large Storage Unit Large Storage Unit > --- WEAPON (2) ------- Assault Rifle Assault Rifle > --- INVENTORY (18) --- Ion Engine Compact Wheel Armored Wheel Improved Heat Sink Medium Storage Unit Medium Storage Unit High-capacity Matter Pod (138) Improved Sensor Array Advanced Signal Interpreter Light Armor Plating EM Pulse Gun Assault Rifle High-powered Shotgun High-powered Shotgun High-powered Shotgun High-powered Shotgun Peak State ------------ > --- POWER ------------ Improved Ion Engine > --- PROPULSION ------- Aluminum Leg Aluminum Leg Aluminum Leg > --- UTILITY ---------- Small Storage Unit Large Storage Unit Large Storage Unit > --- WEAPON ----------- Assault Rifle Assault Rifle > --- INVENTORY -------- Wheel Compact Wheel Armored Wheel Improved Heat Sink Small Storage Unit Medium Storage Unit Medium Storage Unit Improved Sensor Array Advanced Signal Interpreter EM Pulse Gun Assault Rifle Assault Rifle Assault Rifle High-powered Shotgun High-powered Shotgun High-powered Shotgun High-powered Shotgun [Rating: 13] Favorites ----------- Power Ion Engine Engine Ion Engine Propulsion Aluminum Leg Leg Aluminum Leg Wheel Compact Wheel Utility Small Storage Unit Device Terrain Scanner Storage Small Storage Unit Weapon Assault Rifle Energy Gun Medium Laser Ballistic Gun Assault Rifle Build | -11 -10 -9 ------- Run | Scr Mat Mat Slots Evolved 2 | . . 2 Power . | . . . Propulsion 1 | . . 1 Utility 1 | . . 1 Weapon . | . . . Parts Attached 36 | 8 13 15 Power 4 | 1 1 2 Engine 4 | 1 1 2 Core . | . . . Reactor . | . . . Propulsion 14 | 4 4 6 Treads . | . . . Leg 12 | 2 4 6 Wheel 2 | 2 . . Hover . | . . . Flight . | . . . Utility 7 | 1 4 2 Device 2 | . 1 1 Storage 5 | 1 3 1 Processor . | . . . Hackware . | . . . Protection . | . . . Artifact . | . . . Weapon 11 | 2 4 5 Energy Gun 4 | 2 2 . Energy Cannon . | . . . Ballistic Gun 7 | . 2 5 Ballistic Cannon . | . . . Launcher . | . . . Special Weapon . | . . . Impact Weapon . | . . . Slashing Weapon . | . . . Piercing Weapon . | . . . Special Melee Weapon . | . . . Unidentified Prototypes . | . . . Parts Lost 12 | . 3 9 Power 3 | . 1 2 Propulsion 5 | . . 5 Utility 1 | . . 1 Weapon 3 | . 2 1 Highest Loss Streak 4 | . 2 4 Average Slot Usage (%) 95 | . 95 94 Engine 11 | . 13 9 Leg 29 | . 28 32 Device 1 | . 1 1 Storage 26 | . 24 28 Energy Gun 6 | . 12 . Ballistic Gun 17 | . 13 21 Naked Turns . | . . . Heaviest Build 47 | 11 41 47 Greatest Support 30 | 26 20 30 Greatest Overweight (x) 2 | . 2 1 Average Overweight (x) . | . . 1 Largest Inventory Capacity 18 | 6 16 18 Average Capacity 12 | 5 8 17 Most Carried 18 | 6 11 18 Average Carried 10 | 3 7 15 Final Capacity 18 | 6 16 18 Final Carried 16 | 6 11 16 Class Distribution -------------------- 85% | Mutant 14% | Scavenger-Mutant Dominant Class ---------------- Mutant | -10/Materials Mutant | -9/Materials Resources | -11 -10 -9 ----------- Run | Scr Mat Mat Matter Collected 1231 | 182 305 744 Remotely . | . . . Salvage Created 1582 | . 640 942 Parts 96 | . 41 55 Haulers Intercepted 1 | . 1 . Recyclers Shooed . | . . . Parts Field Recycled . | . . . Retrieved Matter . | . . . Parts Self-Destructed . | . . . Prevented . | . . . Kills | -11 -10 -9 ------- Run | Scr Mat Mat Combat Hostiles Destroyed 28 | . 10 18 Guns 27 | . 9 18 AOE 1 | . 1 . Classes Destroyed 7 | . 6 1 Worker 4 | . 2 2 Builder 4 | . 1 3 Hauler 1 | . 1 . Operator 1 | . 1 . Watcher 2 | . 2 . Grunt 24 | . 10 14 Sentry 4 | . . 4 Best Kill Streak 6 | . 6 5 Combat Bots Only 4 | . 4 4 Max Kills in Single Turn 2 | . 2 2 Gunslinging 1 | . . 1 Exploded 1 | . 1 . Melee . | . . . Uniques/NPCs Destroyed . | . . . Combat | -11 -10 -9 -------- Run | Scr Mat Mat Damage Taken 2050 | . 453 1597 Core 279 | . 31 248 Absorbed by Shields . | . . . Core Remaining (%) 93 | 100 87 . Volleys Fired 150 | . 56 94 Largest 2 | . 2 2 Hottest 100 | . 100 40 Shots Fired 281 | . 93 188 Gun 281 | . 93 188 Cannon . | . . . Launcher . | . . . Special . | . . . Kinetic 239 | . 51 188 Thermal 42 | . 42 . Explosive . | . . . Electromagnetic . | . . . Robot Hit Streak 21 | . 11 21 Robot Miss Streak 5 | . 5 4 Penetration Max . | . . . Secondary Targets 3 | . . 3 Max Gunslinging Chain 1 | . . 1 Shots Hit Robots 188 | . 63 125 Core Hits 75 | . 32 43 Critical Hits 2 | . 2 . Critical Kills 1 | . 1 . Critical Parts Destroyed 1 | . 1 . Melee Attacks . | . . . Impact . | . . . Slashing . | . . . Piercing . | . . . Sneak Attacks . | . . . Combat Hostiles . | . . . Follow-up Attacks . | . . . Damage Inflicted 2594 | . 1018 1576 Guns 2379 | . 805 1574 Cannons . | . . . Explosions 213 | . 213 . Melee . | . . . Ramming 2 | . . 2 Kinetic 2003 | . 429 1574 Thermal 376 | . 376 . Explosive . | . . . Electromagnetic 213 | . 213 . Impact . | . . . Slashing . | . . . Piercing . | . . . Highest Corruption . | . . . Average Corruption . | . . . Corruption Purged . | . . . Overload Shots . | . . . Overflow Damage 2 | . 2 . Projectiles . | . . . Explosions 2 | . 2 . Melee . | . . . Knockbacks . | . . . Impact . | . . . Kinetic . | . . . Secondary . | . . . Self-Inflicted Damage . | . . . Shots . | . . . Rammed . | . . . Targets Rammed 1 | . . 1 Kicked 1 | . . 1 Crushed . | . . . Highest Temperature 295 | . 295 6 Average Temperature 76 | . 88 2 Received Heat Transfer 1083 | . 249 834 Effects 2 | . 2 . Interference 2 | . 2 . Siege Activations . | . . . Robots Corrupted 2 | . 2 . Combat Hostiles . | . . . Parts Fried 2 | . 2 . Impact Corruptions . | . . . Robots Melted . | . . . Combat Hostiles . | . . . Parts Melted 1 | . 1 . Heat Transferred 1028 | . 1028 . Parts Sabotaged . | . . . Parts Stolen . | . . . Parts Stripped . | . . . Power Chain Reactions . | . . . Missiles Intercepted . | . . . Alert | -11 -10 -9 ------- Run | Scr Mat Mat Peak Influence 296 | . 156 296 Average Influence 100 | . 85 123 Maximum Alert Level 1 | . . 1 Low Security (%) 90 | 100 100 79 Level 1 9 | . . 20 Level 2 . | . . . Level 3 . | . . . Level 4 . | . . . Level 5 . | . . . High Security . | . . . Max Security . | . . . Squads Dispatched 8 | . 2 6 Investigation 2 | . . 2 Extermination . | . . . Reinforcement 6 | . 2 4 Assault . | . . . Garrison . | . . . Intercept . | . . . Construction Impeded . | . . . Haulers Reinforced . | . . . Stealth | -11 -10 -9 --------- Run | Scr Mat Mat Distress Signals 5 | . 3 2 Communications Jammed . | . . . Distress Signals . | . . . Times Spotted 66 | . 22 44 Peak Tracking Total 7 | . 6 7 Tactical Retreats 7 | . 3 4 Traps | -11 -10 -9 ------- Run | Scr Mat Mat Traps Triggered 1 | . . 1 Indirectly . | . . . Trap Hack Attempts . | . . . Triggered . | . . . Disarmed . | . . . Reprogrammed . | . . . Reused . | . . . Traps Extracted . | . . . Installed . | . . . Triggered . | . . . Machines | -11 -10 -9 ---------- Run | Scr Mat Mat Machines Disabled 2 | . 2 . Max in Single Turn 2 | . 2 . Machines Sabotaged . | . . . Garrisons Compromised . | . . . Overloaded Fab Kills . | . . . Fab Network Shutdowns . | . . . Hacking | -11 -10 -9 --------- Run | Scr Mat Mat Machines Accessed 10 | . 6 4 Terminals 9 | . 6 3 Fabricators . | . . . Repair Stations . | . . . Recycling Units . | . . . Scanalyzers 1 | . . 1 Garrison Access . | . . . Total Hacks 37 | . 21 16 Successful 22 | . 11 11 Failed 15 | . 10 5 Catastrophic 2 | . 2 . Database Lockouts . | . . . Manual 33 | . 20 13 Terminals 34 | . 21 13 Fabricators . | . . . Repair Stations . | . . . Recycling Units . | . . . Scanalyzers 3 | . . 3 Garrison Access . | . . . Terminal Hacks 9 | . 5 4 Alert Level 2 | . 1 1 Unreport Threat 1 | . . 1 Locate Traps 4 | . 3 1 Recall Reinforcements 1 | . 1 . Zone Layout 1 | . . 1 Fabricator Hacks . | . . . Repair Station Hacks . | . . . Recycling Unit Hacks . | . . . Scanalyzer 2 | . . 2 Insert Component 1 | . . 1 Analyze 1 | . . 1 Garrison Access Hacks . | . . . Unauthorized Hacks 27 | . 16 11 Terminals 11 | . 6 5 Track 3 | . 1 2 Botnet 7 | . 4 3 Detonate 1 | . 1 . Fabricators . | . . . Repair Stations . | . . . Recycling Units . | . . . Scanalyzers . | . . . Garrison Access . | . . . Data Cores Recovered . | . . . Used . | . . . Hacking Detections 10 | . 6 4 Full Trace Events 3 | . 2 1 Feedback Events . | . . . Feedback Blocked . | . . . Robot Schematics Acquired . | . . . Robots Built . | . . . Matter . | . . . Time . | . . . Total Robot Build Rating . | . . . Part Schematics Acquired 1 | . . 1 Parts Built . | . . . Matter . | . . . Time . | . . . Total Part Build Rating . | . . . Parts Repaired . | . . . Time . | . . . Parts Recycled . | . . . Recycled Matter . | . . . Retrieved Matter . | . . . Retrieved Components . | . . . Parts Scanalyzed 1 | . . 1 Part Schematics Acquired 1 | . . 1 Parts Damaged . | . . . Bothacking | -11 -10 -9 ------------ Run | Scr Mat Mat Used RIF Installer . | . . . Robots Hacked . | . . . Non-combat . | . . . Combat . | . . . Robot Hacks Applied . | . . . Relay Couplers Released . | . . . Robots Rewired . | . . . Allies Hacked . | . . . Hacks Repelled . | . . . Allies | -11 -10 -9 -------- Run | Scr Mat Mat Total Allies . | . . . Largest Group . | . . . Highest-Rated Group . | . . . Highest-Rated Ally . | . . . Total Orders . | . . . Ally Attacks . | . . . Total Damage . | . . . Kills . | . . . Allies Corrupted . | . . . Allies Melted . | . . . Intel | -11 -10 -9 ------- Run | Scr Mat Mat Robot Analysis Total . | . . . Derelict Logs Recovered . | . . . Drone Launches . | . . . Drone Recoveries . | . . . Exploration | -11 -10 -9 ------------- Run | Scr Mat Mat Turns Passed 2267 | 65 1190 1012 Spaces Moved 1164 | 43 716 405 Core 3 | 3 . . Treads . | . . . Legs 1156 | 35 716 405 Wheels 5 | 5 . . Hover . | . . . Flight . | . . . Fastest Speed 50 | 50 120 150 Average Speed 132 | 112 123 150 Slowest Speed 180 | 120 180 150 Overloaded Moves . | . . . Propulsion Burnouts . | . . . Robots Hopped . | . . . Cave-ins Triggered . | . . . Exploration Rate (%) 48 | 5 94 45 Regions Visited 2 Branch Regions . Pre-discovered Areas . | . . . Known Exits Taken . | . . . Unknown Exits Taken 2 | 1 1 . Scrap Searched . | . . . Spaces Dug . | . . . Terrain Destroyed . | . . . Melee . | . . . Projectile . | . . . AOE . | . . . Actions | -11 -10 -9 --------- Run | Scr Mat Mat Total 1614 | 57 933 624 Wait 216 | . 134 82 Move 1162 | 42 715 405 Hop . | . . . Pick Up 28 | 5 6 17 Fast Attach 15 | 7 4 4 Attach 10 | 1 2 7 Detach 3 | 2 1 . Swap 11 | . 7 4 Drop 18 | . 8 10 Fire 150 | . 56 94 Melee . | . . . Ram . | . . . Kick 1 | . . 1 Crush . | . . . Escape Stasis . | . . . Rewire . | . . . Trap . | . . . Miscellaneous . | . . . Route ------- -11/Scrapyard -10/Materials (discovered 4 exits: *Mat x3 / [*Min]) -9/Materials (discovered 2 exits: [*Min] / [*Sto]) History --------- Turn | Location | Event 17 | -11/Scrapyard | Discovered new exit (range 16) 66 | -11/Scrapyard | Entered Materials 83 | -10/Materials | Discovered new exit (range 15) 310 | -10/Materials | Build established: Mutant 469 | -10/Materials | Discovered new exit (range 16) 568 | -10/Materials | Discovered new exit (range 9) 680 | -10/Materials | Discovered new exit (range 5) 1256 | -10/Materials | Entered another Materials area 1256 | -9/Materials | Evolved 2 slots: Propulsion x1, Utility x1 1840 | -9/Materials | Lost 4 parts (2p2n) 1943 | -9/Materials | Discovered new exit (range 8) 2081 | -9/Materials | Discovered new exit (range 15) 2199 | -9/Materials | Build established: Scavenger-Mutant 2249 | -9/Materials | Core integrity fell below 50% 2268 | -9/Materials | Self-destructed Last Messages --------------- 02119_ K-01 Serf collects debris. 02124_ G-34 Mercenary destroyed. 02139_ Assault Rifle destroyed. 02146_ U-05 Engineer builds a Door. 02153_ T-07 Excavator is excavating. 02175_ Destroyed Sml. Laser. 02213_ Triggered Alarm Trap. 02213_ An alarm sounds. 02213_ ALERT: Alarm triggered, dispatching investigation squad. 02219_ U-05 Engineer destroyed. 02221_ K-01 Serf collects debris. 02221_ R-06 Scavenger collects Wheel. 02222_ Acquired 13 matter. 02224_ Kicked G-34 Mercenary out of the way. 02226_ U-05 Engineer builds a Door. 02236_ Aluminum Leg destroyed. 02237_ K-01 Serf destroyed. 02246_ Aluminum Leg destroyed. 02256_ U-05 Engineer destroyed. 02260_ K-01 Serf collects debris. Map ----- +----------------------------------------------------+ | " # k [ ! ###############+###? | | " # = = T% #???????????# w ## | | " # [ * r #???????????# | | " # #""T""#######+### #???????????# T | | " # ##"""""#??# ##########????????# | | # ########??# ## ????????# a ## | | # !!#?????#" """ ## """ """??######## g ##? | | ### ! #?????#T """ ## """ """??# # a#?? | | !!#?????#" """ ## """ """??# + +?? | | !!#?????# ## ??# """ # #?? | | ] #?????##############+##??# """ # k#?? | | +#######[ #???????????# ]] ??# """ # #?? | | #??#####???????????# ] #?#] # #?? | | #???????????######## #?######## #?Y | | #???????????# ]# #????????# #?? | | #???????????# !! #! #????????# #?? | | #???????????# !! # #?????????# #?? | | "T" #???????????# ! # ########### #?? | | """ #???????????# # """ ##""|"!""## +?? | | ##########??# # """ ## "|"!" ## #?? | | ###### ##############+# """ ## ## #?? | | ????? # #?? | | ?????# < #?? | | ?????? # #?? | | ??????????????###+###+####+#####+## # #?? | | ???????????????# #@ ######### #?? | | ???????????????# """ # ! ##### +?? | | ???????????????# """ #*%= + #?? | | ???????????????# "S #=! ##### #?? | | ???????????????# """ # k #?????? ######?? | | ???????????????# "" # g #????? ???????? | | ???????????????# % # g* #????? ???????? | | ???????????????#####/#### %! #???? ???????? | | ???????###########!*!! #####+######???? ????????? | | ??? != #???# #?????????#+????????? | | ??? [ * #???#=#???????????????????? | | ??? !! #???#!#######?????????????? | | ????############## #???# #?????????????? | | ?????????????????## ##???# #?????????????? | | ??????????????????# #????# """ "#????????????? | | ??????????????????# #????# """ T#????????????? | | ??????????????????# #????# """ "#????????????? | | ??????????????????# #????# ##????????????? | | ??????????????????# #????# #?????????????? | | ??????????????????# #????# """ #?????????????? | | ?????????????????? ????# """ #?????????????? | | ?????????????????? ???? ""?????????????????? | | ?????????????????? < ???? ??????????????????? | | ?????????????????? ???? ??????????????????? | | ?????????????????? #??#####??????????????????? | +----------------------------------------------------+ Best States ------------- Heat Dissipation 39 Energy Generation 12 Energy Capacity 265 Matter Stores 300 Matter Capacity 300 Sight Range 16 Terrain Scan Range 14 Terrain Scan Density 10 Evasion (%) 40 Item Schematics ----------------- Adv. Signal Interpreter | -9/Materials | Scanalyzed Robot Schematics ------------------ None Fabricated ------------ Nothing Alien Tech Used ----------------- None Achievements -------------- None Challenges ------------ None Game ------ Seed DisruptorLatentClaw Manual? 0 Play Time 00:21:01 Cumulative 77.6 hours Start 2020.04.09 @ 10:41:08 End 2020.04.10 @ 17:32:09 Sessions 3 Manual Loads 0 Difficulty Rogue Special Mode None Game No. 73 Rogue 73 Adventurer 0 Explorer 0 Win Type - Total 9 Types 9/0/0/0/0/0/0 Lore% 69 Gallery% 68 Achievement% 54 Wizard Run 0 Options --------- ASCII 0 Keyboard 0 Movement Vi Keybinds 0 Fullscreen 2 Font 18/SmallcapsGlow Map View 76x50 Tactical HUD 1 Map Filters NONE Filters NONE Steam 0 RUN: d0958159-1a74-43dd-888f-f4fa4a959211